cohdb
Replays
Latest Replays
All Replays
Popular Replays
Top Player Replays
Match Explorer
How It Works
Community
CoH3 Stats
Reddit
Sign in to upload your games and track your stats! →
Sign in with Steam
Match 41952378
Unlisted
Match 41952378
Overview
Messages
Build Orders
End
Construct Infanterie Kompanie
Selects Breakthrough Battlegroup
Selects Assault Grenadiers
MG 42 Machine Gun Team
Grenadier Squad
Grenadier Squad
Medical Station
GrW 34 Mortar Team
Construct Panzergrenadier Kompanie
Infanterie Officer Quarters
Panzergrenadier Squad
Pak 40 Anti-tank Gun Team
Selects Smoke Bombing Run
Smoke Bombing Run
Construct Panzer Kompanie
Selects Mechanized Assault Group
Selects Rapid Production
Mechanized Assault Group
Panzer IV Medium Tank
Selects Blitzkrieg
Smoke Bombing Run
Panzer IV Medium Tank
MG 42 Machine Gun Team
Blitzkrieg
Stapleton
Alvarez
kerem
homig
sunsetistaken
Jesus is my man
0
0
Comments
sign in to comment!
No comments posted yet!